 Dungeon Crawl Stone Soup version 0.24.0-35-gdb84b6a5db (webtiles) character file.

Game seed: 15511138023936969533, levelgen mode: deterministic

4587 Nattfarinn the Grappler (level 10, 0/100 HPs)
             Began as a Troll Hunter on Nov 18, 2019.
             Was an Elder of Okawaru.
             Succumbed to a killer bee's poison
             ... on level 8 of the Dungeon.
             The game lasted 00:13:59 (6136 turns).

Nattfarinn the Grappler (Troll Hunter)              Turns: 6136, Time: 00:13:59

Health: 0/100      AC:  7    Str: 20 (22) XL:     10   Next: 18%
Magic:  9/9        EV: 10    Int:  9 (11) God:    Okawaru [****..]
Gold:   383        SH:  0    Dex: 11 (13) Spells: 9/9 levels left

rFire    + . .     SeeInvis .     - Unarmed
rCold    . . .     Gourm    +   (no shield)
rNeg     . . .     Faith    .   b - +0 robe
rPois    .         Spirit   .   (helmet restricted)
rElec    .         Reflect  .   E - +0 cloak
rCorr    .         Harm     .   (gloves unavailable)
MR       .....                  (boots unavailable)
Stlth    +.........             d - amulet of rage
HPRegen  0.66/turn              k - +4 ring of intelligence
MPRegen  0.11/turn              o - ring of protection from fire

@: lethally poisoned (0 -> -4), berserk cooldown, slowed, very slow
A: large, unfitting armour, claws 3, fast metabolism 3, gourmand, regeneration
1, shaggy fur 1, tough skin 3
a: Heroism, Renounce Religion, Evoke Berserk Rage


You were on level 8 of the Dungeon.
You worshipped Okawaru.
Okawaru was greatly pleased with you.
You were very full.

You visited 2 branches of the dungeon, and saw 9 of its levels.

You collected 383 gold pieces.

Inventory:

Missiles
 c - 3 large rocks (quivered)
 J - 8 silver javelins
Armour
 b - a +0 robe (worn)
 E - a +0 cloak (worn)
Jewellery
 d - an amulet of rage (around neck)
 k - a +4 ring of intelligence (left claw)
 o - a ring of protection from fire (right claw)
 s - an uncursed ring of stealth
 u - an uncursed ring of magical power
 y - an uncursed ring of protection from magic
 z - an uncursed ring of protection from fire
 A - a cursed -2 ring of strength {unknown}
 F - an uncursed ring of positive energy {unknown}
Wands
 t - a wand of flame (14)
Scrolls
 a - 3 scrolls of fog {unknown}
 e - 4 scrolls of blinking {unknown}
 h - 7 scrolls of teleportation
 i - a scroll of fear {unknown}
 j - 3 scrolls of random uselessness
 l - 4 scrolls of noise {unknown}
 n - 3 scrolls of remove curse {unknown}
 r - 2 scrolls of magic mapping {unknown}
 B - a scroll of enchant weapon {unknown}
 G - 2 scrolls of identify
 I - a scroll of amnesia {unknown}
Potions
 g - a potion of might {unknown}
 m - a potion of degeneration
 q - a potion of brilliance {unknown}
 w - a potion of agility {unknown}
 x - a potion of magic {unknown}
 C - a potion of lignification {unknown}
 D - a potion of invisibility {unknown}
Comestibles
 f - 17 rations
 H - 16 chunks of flesh


   Skills:
 + Level 6.4 Fighting
 + Level 7.7 Throwing
 - Level 1.5 Dodging
 - Level 0.3 Stealth
 * Level 10.5 Unarmed Combat


You had 9 spell levels left.
You didn't know any spells.
Your spell library contained the following spells:

 Spells                   Type           Power        Failure   Level  Hunger
 Summon Small Mammal      Summ           #...         38%         1    ##.....
 Call Imp                 Summ           #.......     52%         2    ###....
 Call Canine Familiar     Summ           #.......     77%         3    ####...
 Summon Guardian Golem    Hex/Summ       #.......     77%         3    ####...
 Summon Ice Beast         Ice/Summ       #.......     99%         4    #####..
 Summon Lightning Spire   Summ/Air       #.......     99%         4    #####..


Dungeon Overview and Level Annotations

Branches:
Dungeon (8/15)             Temple (1/1) D:4
   Lair: D:8-11

Altars:
Ashenzari
Cheibriados
Dithmenos
Elyvilon
Fedhas
Gozag
Hepliaklqana
Kikubaaqudgha
Makhleb
Nemelex Xobeh
Okawaru
Qazlal
Ru
Sif Muna
Trog
Uskayaw
Wu Jian
Yredelemnul
Zin
The Shining One

Shops:
D:5 *


Innate Abilities, Weirdness & Mutations

You are too large for most types of armour.
You have claws for hands.
Your metabolism is lightning-fast.
You like to eat raw meat.
Your natural rate of healing is unusually fast.
You are covered in fur. (AC +1)
You have extremely tough skin. (AC +3)


Message History

* * * LOW HITPOINT WARNING * * *
You are poisoned.
The killer bee poisons you! The killer bee closely misses you. x2
The killer bee stings you.
* * * LOW HITPOINT WARNING * * *
The killer bee stings you but does no damage.
The killer bee stings you.
* * * LOW HITPOINT WARNING * * *
You claw the killer bee! Your claw misses the killer bee.
The killer bee is severely wounded.
You feel sick. The killer bee misses you. The killer bee stings you.
* * * LOW HITPOINT WARNING * * *
You are lethally poisoned!
The killer bee poisons you! The killer bee stings you.
* * * LOW HITPOINT WARNING * * *
The killer bee barely misses you. The killer bee closely misses you.
Unknown command.
You scratch the killer bee.
The killer bee is severely wounded.
You die...

. ##.. ##.....
##.#.... #.....
###..# ##†yy###
##...@..#
#......###
##.......#
##......(.. . ###
#........#... .
##.###..........(.
#............... .
##
##...............
##.
#####............>
# ...


You could see 2 killer bees.

Vanquished Creatures
  Pikel (D:7)
  Prince Ribbit (D:6)
  Grinder (D:6)
  Eustachio (D:6)
  A water moccasin (D:8)
  Duvessa (D:7)
  2 ice beasts
  2 sky beasts
  A hornet zombie (D:7)
  A phantom (D:8)
  2 centaurs
  A necrophage (D:7)
  4 ogres
  A big kobold (D:7)
  2 bullfrogs
  A gnoll sergeant (D:6)
  Dowan (D:7)
  6 scorpions
  4 killer bees (D:8)
  5 crimson imps
  3 centaur zombies
  4 hounds
  A jelly (D:7)
  A gnoll shaman (D:7)
  3 orc priests
  2 centaur skeletons
  Jessica (D:2)
  9 orc wizards
  8 worker ants
  A hound zombie (D:8)
  A hound skeleton (D:6)
  Robin (D:2)
  16 gnolls
  9 adders
  2 oozes (D:1)
  3 adder skeletons
  2 worms
  3 dart slugs
  3 leopard geckos
  22 orcs
  8 bats
  4 giant cockroaches
  8 goblins
  13 hobgoblins
  11 jackals
  3 quokkas
  6 frilled lizards
  11 kobolds
  A quokka zombie (D:4)
  6 rats
205 creatures vanquished.

Notes
Turn   | Place    | Note
-------+----------+-------------------------------------------
     0 | D:1      | Nattfarinn the Troll Hunter began the quest for the Orb.
     0 | D:1      | Reached XP level 1. HP: 19/19 MP: 0/0
   142 | D:1      | Reached skill level 1 in Unarmed Combat
   142 | D:1      | Reached XP level 2. HP: 28/28 MP: 1/1
   641 | D:1      | Reached XP level 3. HP: 34/35 MP: 2/2
   781 | D:1      | Reached skill level 2 in Unarmed Combat
  1162 | D:2      | Found a burning altar of Makhleb.
  1168 | D:2      | Reached XP level 4. HP: 32/42 MP: 3/3
  1255 | D:2      | Found a bloodstained altar of Trog.
  1261 | D:2      | Noticed Robin
  1262 | D:2      | Reached skill level 3 in Unarmed Combat
  1280 | D:2      | Killed Robin
  1313 | D:2      | Found a shadowy altar of Dithmenos.
  1511 | D:2      | Noticed Jessica
  1543 | D:2      | Killed Jessica
  1543 | D:2      | Reached XP level 5. HP: 36/50 MP: 4/4
  1882 | D:3      | Reached skill level 4 in Unarmed Combat
  2101 | D:3      | Reached XP level 6. HP: 53/61 MP: 5/5
  2646 | D:4      | Reached skill level 5 in Unarmed Combat
  2748 | D:4      | Found a glowing silver altar of Zin.
  2849 | D:4      | Found a staircase to the Ecumenical Temple.
  2853 | D:4      | Reached XP level 7. HP: 60/67 MP: 6/6
  2871 | Temple   | Entered the Ecumenical Temple
  2916 | Temple   | Became a worshipper of Warmaster Okawaru
  3027 | D:4      | Reached skill level 5 in Throwing
  3633 | D:5      | Entered Level 5 of the Dungeon
  3788 | D:5      | Reached skill level 6 in Unarmed Combat
  3894 | D:5      | Reached * piety under Okawaru
  3894 | D:5      | Reached XP level 8. HP: 78/78 MP: 7/7
  4200 | D:5      | Found Kamu's Elemental Accessories.
  4208 | D:5      | Reached skill level 7 in Unarmed Combat
  4470 | D:6      | Noticed Prince Ribbit
  4473 | D:6      | Killed Prince Ribbit
  4473 | D:6      | Reached ** piety under Okawaru
  4495 | D:6      | Reached skill level 5 in Fighting
  4495 | D:6      | Reached skill level 8 in Unarmed Combat
  4680 | D:6      | Reached XP level 9. HP: 88/88 MP: 8/8
  4835 | D:6      | Noticed Grinder
  4842 | D:6      | Killed Grinder
  4917 | D:6      | Noticed Eustachio
  4925 | D:6      | Killed Eustachio
  5126 | D:7      | Noticed Dowan
  5126 | D:7      | Noticed Duvessa
  5140 | D:7      | Killed Duvessa
  5140 | D:7      | Reached skill level 9 in Unarmed Combat
  5142 | D:7      | Killed Dowan
  5142 | D:7      | Reached *** piety under Okawaru
  5298 | D:7      | Found a snail-covered altar of Cheibriados.
  5573 | D:7      | Found a shadowy altar of Dithmenos.
  5604 | D:7      | Noticed Pikel
  5614 | D:7      | Killed Pikel
  5614 | D:7      | Reached skill level 10 in Unarmed Combat
  5681 | D:7      | Reached **** piety under Okawaru
  5850 | D:8      | Reached XP level 10. HP: 98/98 MP: 9/9
  5962 | D:8      | Received a gift from Okawaru
  6126 | D:8      | HP: 4/100 [killer bee (2)]
  6135 | D:8      | HP: 4/100 [killer bee (6)]
  6135 | D:8      | HP: 1/100 [killer bee (3)]
  6136 | D:8      | Succumbed to a killer bee's poison

Levels and vault maps discovered:
D:1:      psy_arrival_radial02, layout_basic
D:2:      layout_rooms, lemuel_doored_altar, makhleb_blood_cavern_becter,
          first_ration, minmay_misc_feat_iff, nicolae_dithmenos_shadow_blocks,
          uniq_robin, uniq_jessica
D:3:      layout_loops_ring
D:4:      layout_basic, zin_statuary, minmay_temple_entry_mini_moons,
          minmay_circle_x
D:5:      layout_loops_cross, nicolae_elemental_shop, kennysheep_generic_room_4
D:6:      layout_rooms, uniq_eustachio, uniq_grinder, uniq_prince_ribbit1
D:7:      layout_loops_ring, cheibriados_altar_1, kennysheep_little_box,
          uniq_pikel, uniq_duvessa
D:8:      layout_cave_pools
Temple:   nicolae_temple_elliptical

Skill      XL: |  1  2  3  4  5  6  7  8  9 |
---------------+----------------------------+-----
Unarmed Combat | 1 2 3 4 5 6 8 10 | 10.5
Fighting       | 2 3 4 5 6 |  6.4
Throwing       | 4 5 6 7 |  7.7
Dodging        | |  1.5
Stealth        | |  0.3

Action                   |  1- 3 |  4- 6 |  7- 9 | 10-12 || total
-------------------------+-------+-------+-------+-------++-------
Melee: Unarmed           |    99 |   212 |   304 |    54 ||   669
       Punch             |     1 |     3 |    15 |       ||    19
Throw: Large rock        |       |     5 |       |    13 ||    18
 Abil: Evoke Berserk Rag |       |       |     4 |     1 ||     5
  Use: Potion            |       |     1 |       |     8 ||     9
       Scroll            |       |       |     5 |       ||     5
 Stab: Sleeping          |       |     1 |       |       ||     1
  Eat: Chunk             |    16 |    16 |    31 |     3 ||    66
Armor: Robe              |    37 |    88 |   107 |    43 ||   275
Dodge: Dodged            |    46 |   121 |   134 |    78 ||   379
